 Dungeon Crawl Stone Soup version bcrawl-1.38.1 (webtiles) character file.

Game seed: 10223078502238877414

128857 Alturiack the Shooter (level 4, -3/26 HPs)
             Began as a Gargoyle Hunter on Apr 9, 2023.
             Killed from afar by an orc wizard (4 damage)
             ... with a puff of flame
             ... on level 3 of the Dungeon.
             The game lasted 00:07:09 (1604 turns).

Alturiack the Shooter (Gargoyle Hunter)             Turns: 1604, Time: 00:07:09

Health: -3/26      AC:  3    Str: 15    XL:     4   Next: 21%
Magic:  4/4        EV: 12    Int: 12    God:
Gold:   133        SH:  0    Dex: 11    Spells: 3/3 levels left

rFire    + . .     GDR:     33% a - +2 shortbow
rCold    . . .     SeeInvis .   (shield currently unavailable)
rNeg     + . .     Gourm    +   (no armour)
rPois    ∞         Faith    .   (no helmet)
rElec    +         Spirit   .   (no cloak)
rCorr    .         Reflect  .   (no gloves)
MR       .....                  (no boots)
Stlth    ++........             k - amulet of the gourmand
HPRegen  0.14/turn              g - ring of protection from fire
MPRegen  0.09/turn              (no ring)

@: no status effects
A: negative energy resistance 1, electricity resistance, partial torment
resistance, unbreathing, petrification resistance, rot immunity, AC +3
a: no special abilities


You were on level 3 of the Dungeon.
You were not hungry.

You visited 1 branch of the dungeon, and saw 3 of its levels.

You collected 133 gold pieces.

Inventory:

Hand Weapons
 a - a +2 shortbow (weapon)
 b - a +0 short sword
Missiles
 d - 230 arrows (quivered)
Armour
 c - a +0 leather armour
 p - a +0 chain mail
 t - a +0 plate armour
Jewellery
 g - a ring of protection from fire (left hand)
 k - an amulet of the gourmand (around neck)
Scrolls
 i - a scroll of identify
 n - a scroll of enchant armour {unknown}
 o - a scroll of teleportation {unknown}
 q - a scroll of amnesia {unknown}
 r - a scroll of blinking {unknown}
Potions
 f - a potion of flight {unknown}
 h - a potion of lignification {unknown}
 j - a potion of magic {unknown}
 l - a potion of brilliance {unknown}
 m - a potion of berserk rage {unknown}
 s - a potion of ambrosia {unknown}
Comestibles
 e - 7 rations {!d}


   Skills:
 - Level 2.1 Fighting
 * Level 5.6 Bows
 - Level 1.5 Dodging
 - Level 1.2 Stealth


You had 3 spell levels left.
You didn't know any spells.
Your spell library was empty.

Dungeon Overview and Level Annotations

Branches:
Dungeon (3/12)

Altars:


Innate Abilities, Weirdness & Mutations

You are resistant to torment.
Your stone body is resilient. (AC +3)
You are immune to poison.
You resist negative energy. (rN+)
You are resistant to electric shocks. (rElec)
You are less affected by unholy pain and torment.
You can survive without breathing.
You are immune to petrification.
You are immune to rotting.


Message History

Really attack while wielding your +2 shortbow? [Y]es or [N]o only, please.
Really attack while wielding your +2 shortbow? [Y]es or [N]o only, please.
Really attack while wielding your +2 shortbow? [Y]es or [N]o only, please.
Really attack while wielding your +2 shortbow? [Y]es or [N]o only, please.
Really attack while wielding your +2 shortbow? [Y]es or [N]o only, please.
Really attack while wielding your +2 shortbow? [Y]es or [N]o only, please.
Really attack while wielding your +2 shortbow?
Okay, then.
The orc wizard hits you with a +0 dagger.
* * * LOW HITPOINT WARNING * * *
The orc closely misses you. The orc wizard casts a spell at you. You resist.
The puff of flame hits you.
You die...

.(.............###!.#.
...†......####.#
..........# #.# #
..........# #.##.##..
..........# #.......#
..........# #.#######
..#.......# #.#
.#........# #o#####
..........# #..@.>#
###.......# #.o...#
######### ##......#
#....### #....# #....#
#....# #....# #####


You could see an orc wizard and an orc.

Vanquished Creatures
  An adder (D:3)
  2 worms (D:2)
  3 dart slugs (D:1)
  3 leopard geckos
  2 giant cockroaches (D:1)
  6 goblins
  5 hobgoblins
  8 kobolds
  A ball python (D:1)
  7 bats
  A frilled lizard (D:2)
  8 rats (D:1)
47 creatures vanquished.

Vanquished Creatures (others)
  A kobold (D:3)
1 creature vanquished.

Grand Total: 48 creatures vanquished

Notes
Turn   | Place    | Note
-------+----------+-------------------------------------------
     0 | D:1      | Alturiack the Gargoyle Hunter began the quest for the Orb.
     0 | D:1      | Reached XP level 1. HP: 12/12 MP: 1/1
    42 | D:1      | Reached XP level 2. HP: 17/17 MP: 2/2
   269 | D:1      | Reached XP level 3. HP: 21/21 MP: 3/3
   409 | D:1      | Reached skill level 5 in Bows
  1126 | D:2      | Reached XP level 4. HP: 26/26 MP: 4/4
  1603 | D:3      | HP: 1/26 [orc wizard/+0 dagger (2)]
  1604 | D:3      | Killed from afar by an orc wizard

Skill      XL: |  1  2  3 |
---------------+----------+-----
Bows           | 5 |  5.6
Fighting       | |  2.1
Dodging        | |  1.5
Stealth        | |  1.2

Action                   |  1- 3 |  4- 6 || total
-------------------------+-------+-------++-------
Melee: Shortbow          |       |     2 ||     2
 Fire: Shortbow          |   104 |    11 ||   115
  Use: Scroll            |     2 |       ||     2
  Eat: Ration            |     1 |     1 ||     2
Armor: Chain mail        |     9 |     1 ||    10
       Skin              |       |     3 ||     3
Dodge: Dodged            |     5 |     5 ||    10
